 Dungeon Crawl Stone Soup version 0.28-a0-802-g09f76e8c00 (webtiles) character file.

Game seed: 3543107939948691269

284 croobank the Chopper (level 6, -7/56 HPs)
             Began as a Minotaur Berserker on Nov 6, 2021.
             Was a Believer of Trog.
             Mangled by a gnoll (15 damage)
             ... on level 4 of the Dungeon.
             The game lasted 00:11:07 (3408 turns).

croobank the Chopper (Minotaur Berserker)           Turns: 3408, Time: 00:11:12

Health: -7/56      AC:  5    Str: 24    XL:     6   Next: 7%
Magic:  5/5        EV: 11    Int:  4    God:    Trog [**....]
Gold:   76         SH:  0    Dex:  9    Spells: 5/5 levels left

rFire   . . .      SeeInvis .   a - +0 hand axe
rCold   . . .      Faith    .   (no shield)
rNeg    . . .      Spirit   .   l - +0 ring mail
rPois   .          Reflect  .   (helmet restricted)
rElec   .          Harm     .   (no cloak)
rCorr   .          Rampage  .   (no gloves)
Will    .....                   (no boots)
Stlth   +.........              (no amulet)
HPRegen 0.18/turn               (no ring)
MPRegen 0.09/turn               (no ring)

@: on berserk cooldown, slowed, very slow
A: horns 2, retaliatory headbutt
a: Renounce Religion, Berserk, Trog's Hand


You were on level 4 of the Dungeon.
You worshipped Trog.
Trog was pleased with you.
You visited 1 branch of the dungeon, and saw 4 of its levels.

You collected 209 gold pieces.
You spent 133 gold pieces at shops.

Inventory:

Hand Weapons
 a - a +0 hand axe (weapon)
 c - a +0 short sword
 e - a +0 hunting sling
 x - a +1 hand crossbow of flaming
Missiles
 j - 37 arrows
 k - 22 bolts
 t - 16 poisoned darts
 u - 28 stones
 w - 3 javelins (quivered)
Armour
 b - a +0 animal skin
 l - a +0 ring mail (worn)
 m - a +0 chain mail
Jewellery
 p - a ring of magical power
Scrolls
 f - 2 scrolls of amnesia {unknown}
 h - a scroll of torment {unknown}
 r - a scroll of acquirement {unknown}
Potions
 d - a potion of cancellation
 g - a potion of attraction {unknown}
 i - 2 potions of haste {unknown}
 n - a potion of might {unknown}
 o - 2 potions of berserk rage
 q - a potion of heal wounds {unknown}
 s - a potion of flight {unknown}
 v - a potion of lignification {unknown}


   Skills:
 + Level 5.1 Fighting
 + Level 5.8 Axes
 + Level 3.6 Armour
 + Level 3.3 Dodging
 + Level 1.2 Stealth


You had 5 spell levels left.
You didn't know any spells.
Your spell library contained the following spells:

 Spells                   Type           Power      Damage    Failure   Level
 Beastly Appendage        Tmut           0%         N/A       65%         1
 Wereblood                Tmut           0%         N/A       78%         2
 Spider Form              Tmut/Pois      0%         N/A       95%         3


Dungeon Overview and Level Annotations

Branches:
Dungeon (4/15)
 Temple: D:4-7

Altars:

Shops:
D:3 (


Innate Abilities, Weirdness & Mutations

You have a pair of horns on your head.
You reflexively headbutt those who attack you in melee.


Message History

Trog accepts your kill.
You have reached level 6!
Your experience leads to an increase in your attributes!
Increase (S)trength, (I)ntelligence, or (D)exterity?
You feel stronger.
You closely miss the goblin. You closely miss the goblin.
The goblin hits you with a +0 dagger. The gnoll misses you.
You barely miss the goblin. The goblin hits you but does no damage.
The gnoll misses you.
The gnoll hits you from afar with a +0 halberd.
You slash the goblin!
You kill the goblin!
Trog accepts your kill. The gnoll hits you with a +0 club.
The gnoll barely misses you. You furiously retaliate!
You headbutt the gnoll. The gnoll hits you with a +0 halberd!
Items here: )) [ ††.
You feel a strong urge to attack something.
The gnoll barely misses you.
The gnoll hits you from afar with a +0 halberd.
You are no longer berserk.
You are exhausted.
You feel yourself slow down.
Things that are here:
a +0 whip; a gnoll corpse The gnoll hits you with a +0 club.
The gnoll hits you from afar with a +0 halberd!
* * * LOW HITPOINT WARNING * * *
The gnoll closely misses you. The gnoll hits you but does no damage.
The gnoll closely misses you. The gnoll barely misses you.
You closely miss the gnoll. Your headbutt misses the gnoll.
The gnoll barely misses you. The gnoll closely misses you. x2
You slash the gnoll!
The gnoll is almost dead.
The gnoll hits you with a +0 club.
* * * LOW HITPOINT WARNING * * *
The gnoll barely misses you. The gnoll misses you. x2
The gnoll hits you from afar with a +0 halberd!
You die...

#.. #.. ..### ##
#...# .. #...#
.# # #...# .# #.
#..g####.###...
...
+...g@)........
....
#..g####...#.##
.....
#.g...<###.#
###...##(..####
# .8##.[..†..#
..(#..!.#.#....
##.#....#.#.##..
#.#....#.#+#
...#....#..


You could see 4 gnolls.

Vanquished Creatures
  A sky beast (D:3)
  Crazy Yiuf (D:2)
  An orc priest (D:3)
  A gnoll shaman (D:4)
  A gnoll (D:4)
  4 adders (D:2)
  A dart slug (D:4)
  4 orcs (D:3)
  5 ball pythons
  4 endoplasms
  2 giant cockroaches
  3 goblins
  7 hobgoblins
  2 jackals (D:2)
  2 kobolds
  A quokka (D:1)
  5 bats
  5 frilled lizards
  A rat (D:3)
51 creatures vanquished.

Vanquished Creatures (others)
  13 plants (D:3)
13 creatures vanquished.

Grand Total: 64 creatures vanquished

Notes
Turn   | Place    | Note
-------+----------+-------------------------------------------
     0 | D:1      | croobank the Minotaur Berserker began the quest for the
                  | Orb.
     0 | D:1      | Reached XP level 1. HP: 19/19 MP: 0/0
   432 | D:1      | Reached XP level 2. HP: 17/27 MP: 1/1
  1234 | D:2      | Reached XP level 3. HP: 28/34 MP: 2/2
  1401 | D:2      | Found a runed translucent door.
  1404 | D:2      | Noticed Crazy Yiuf
  1409 | D:2      | Killed Crazy Yiuf
  1410 | D:2      | Reached XP level 4. HP: 31/41 MP: 3/3
  2282 | D:3      | Reached ** piety under Trog
  2286 | D:3      | Found a faded altar of an unknown god.
  2493 | D:3      | Noticed a sky beast
  2503 | D:3      | Killed a sky beast
  2504 | D:3      | Reached skill level 5 in Fighting
  2504 | D:3      | Reached skill level 5 in Axes
  2504 | D:3      | Reached skill level 1 in Stealth
  2504 | D:3      | Reached XP level 5. HP: 18/48 MP: 4/4
  3222 | D:3      | Found Seukucw's Weapon Boutique.
  3230 | D:3      | Bought a +1 hand crossbow of flaming for 133 gold pieces
  3399 | D:4      | Reached XP level 6. HP: 56/56 MP: 5/5
  3408 | D:4      | Mangled by a gnoll

Illustrated notes

Levels and vault maps discovered:
D:1:      lightli_arrival_lavapool, layout_loops_corners, st_stairs_7,
          supply_closet_lemuel, chequers_serial_rivers_small_b,
          corexii_leaking_fountain
D:2:      layout_loops_ring, minmay_misc_feat_rows, uniq_crazy_yiuf_cottage
D:3:      wad_woods_pond, layout_basic, ebering_ecumenical_altar_hall,
          serial_shops, nicolae_diamond_shop, kennysheep_big_empty_room
D:4:      layout_basic, zin_academy, gammafunk_ghost_arena

Skill      XL: |  1  2  3  4 |
---------------+-------------+-----
Fighting       | 4 5 |  5.1
Axes           | 4 5 |  5.8
Armour         | 3 |  3.6
Dodging        | 3 |  3.3
Stealth        | 1 |  1.2

Action                   |  1- 3 |  4- 6 || total
-------------------------+-------+-------++-------
Melee: Hand axe          |    50 |    71 ||   121
       Headbutt          |     6 |     9 ||    15
Invok: Berserk           |       |     2 ||     2
  Use: Scroll            |     1 |     1 ||     2
       Potion            |       |     1 ||     1
 Stab: Sleeping          |     1 |       ||     1
Armor: Animal skin       |     8 |       ||     8
       Ring mail         |     4 |    27 ||    31
Dodge: Dodged            |    38 |    43 ||    81

Table legend: (Time is in decaauts)
 A = Elapsed time spent in this place.
 B = Non-inter-level travel time spent in this place.
 C = Inter-level travel time spent in this place.
 D = Time resting spent in this place.
 E = Time spent auto-exploring this place.
 F = Levels seen in this place.
 G = Mean time per level.
                   A        B        C        D        E       F      G
               +--------+--------+--------+--------+--------+-----+--------+
         Total |   3438 |   3313 |    125 |    599 |   2143 |   4 |  859.5 |
       Dungeon |   3438 |   3313 |    125 |    599 |   2143 |   4 |  859.5 |
               +--------+--------+--------+--------+--------+-----+--------+

Top non-repeatable levels by time:
     D:3: 1250 daAuts
     D:1: 1159 daAuts
     D:2: 997 daAuts
     D:4: 31 daAuts
